 Dungeon Crawl Stone Soup version 0.19-a0-328-g3707654 (webtiles) character file.

11 wvc the Skirmisher (level 2, -2/24 HPs)
             Began as a Demonspawn Wanderer on May 28, 2016.
             Killed from afar by a dart slug (6 damage)
             ... with a slug dart
             ... on level 1 of the Dungeon.
             The game lasted 00:01:29 (711 turns).

wvc the Skirmisher (Demonspawn Wanderer)             Turns: 711, Time: 00:01:31

Health: -2/24      AC:  2    Str: 12    XL:     2   Next: 13%
Magic:  2/2        EV: 12    Int: 12    God:
Gold:   0          SH:  0    Dex: 13    Spells: 0 memorised, 1 level left

rFire  . . .     SeeInvis .     (no weapon)
rCold  . . .     Gourm    .     e - +0 robe
rNeg   . . .     Faith    .     (no shield)
rPois  .         Spirit   .     (no helmet)
rElec  .         Dismiss  .     (no cloak)
rCorr  .         Reflect  .     (no gloves)
SustAt .         Harm     .     (no boots)
MR     .....                    (no amulet)
Stlth  +.........               (no ring)
                                (no ring)

@: not resistant to hostile enchantments, very unstealthy
A: talons 1
a: no special abilities


You were on level 1 of the Dungeon.
You were not hungry.

You visited 1 branch of the dungeon, and saw 2 of its levels.

Inventory:

Hand Weapons
 a - a +2 blowgun
 b - a +0 spear
Missiles
 d - 2 curare-tipped needles
Armour
 e - a +0 robe (worn)
Scrolls
 g - a scroll of identify {unknown}
Potions
 c - a potion of curing
 h - a potion of lignification {unknown}
Comestibles
 f - 2 bread rations


   Skills:
 - Level 3.0 Fighting
   Level 1.0 Maces & Flails
 - Level 2.1 Polearms
 - Level 1.0 Throwing
 - Level 1.7 Armour
 + Level 1.0 Dodging
 * Level 0.1 Unarmed Combat
   Level 1.0 Evocations


You had one spell level left.
You didn't know any spells.

Dungeon Overview and Level Annotations

Branches:
Dungeon (2/15)

Altars:


Innate Abilities, Weirdness & Mutations

You have sharp toenails.


Message History

You hit the dart slug but do no damage. You hit the dart slug but do no damage.
The dart slug bites you but does no damage.
You hit the dart slug.
The dart slug is lightly wounded.
The dart slug bites you.
* * * LOW HITPOINT WARNING * * *
You hit the dart slug.
The dart slug is moderately wounded.
You hit the dart slug but do no damage.
You claw the dart slug, but do no damage.
The dart slug is moderately wounded.
The dart slug closely misses you.
You hit the dart slug.
You claw the dart slug, but do no damage.
The dart slug is heavily wounded.
The rat completely misses you. The dart slug launches a dart at you.
The slug dart hits you!
You die...

..###...... ..........# ##
... #..### ###. #.. ##...##
####... #...
###÷.#####...... ...
#.÷)..........##
#.###>##..#####...#
###.....##...####...#
#...w@####...##.....#
#.###r# ##..##.##..# #. #.
#†### #.........#
#..##.###†..###).....#...#
##.............#...####.#..
.h...$h...........## .##.
......###...........# .. #
##.## ####).....#.....
#.###..#..#...


You could see a dart slug and a rat.

Vanquished Creatures
  A goblin (D:1)
  6 jackals
  2 kobolds (D:1)
9 creatures vanquished.

Vanquished Creatures (others)
  4 toadstools (D:1)
4 creatures vanquished.

Grand Total: 13 creatures vanquished

Notes
Turn   | Place    | Note
--------------------------------------------------------------
     0 | D:1      | wvc the Demonspawn Wanderer began the quest for the Orb.
     0 | D:1      | wvc set off with: 2 curare-tipped needles, a +2 blowgun, a potion of curing, a +0 spear, a +0 robe, a bread ration
     0 | D:1      | Reached XP level 1. HP: 18/18 MP: 1/1
   415 | D:1      | Gained mutation: You have sharp toenails. [demonic ancestry]
   415 | D:1      | Reached XP level 2. HP: 3/24 MP: 2/2
   703 | D:1      | Reached skill level 1 in Dodging
   711 | D:1      | Killed from afar by a dart slug

Vault maps used:
D:1:      ldierk_walled_garden_2, minmay_crystal_room, lemuel_another_geyser
D:2:      nemelex_xobeh_ov_fountains_minmay, bloody_trog,
          yredelemnul_forgotten_temple_becter, uniq_natasha

Skill      XL: |  1  2 |
---------------+-------+-----
Polearms       | 2 |  2.1
Dodging        | 1 |  1.0
Fighting       | |  3.0
Maces & Flails | |  1.0
Throwing       | |  1.0
Armour         | |  1.7
Unarmed Combat | |  0.1
Evocations     | |  1.0

Action                   || total
-------------------------++-------
Melee: Spear             ||    30
       Unarmed           ||    18
       Kick              ||     5
 Fire: Blowgun           ||     1
 Stab: Distracted        ||     1
Armor: Robe              ||     7
Dodge: Dodged            ||    28
